 Dungeon Crawl Stone Soup version 0.32-a0-685-g93135e86f0 (webtiles) character file.

Game seed: 7350741711596697416

225 Fodor the Covered (level 5, 0/47 HPs)
             Began as a Minotaur Fighter on Mar 12, 2024.
             Slain by an adder (3 damage)
             ... on level 4 of the Dungeon.
             The game lasted 00:06:07 (2226 turns).

Fodor the Covered (Minotaur Fighter)                Turns: 2226, Time: 00:06:08

Health: 0/47       AC:  7    Str: 22    XL:     5   Next: 68%
Magic:  4/4        EV: 10    Int:  5    God:
Gold:   130        SH:  0    Dex: 10    Spells: 4/4 levels left

rFire   . . .        l - +0 great mace
rCold   . . .        (shield currently unavailable)
rNeg    . . .        b - +0 scale mail
rPois   .            (helmet restricted)
rElec   .            (no cloak)
rCorr   .            (no gloves)
SInv    .            (no boots)
Will    .....        (no amulet) Stlth
                     (no ring)
HPRegen 0.27/turn    (no ring)
MPRegen 0.09/turn

%: no passive effects
@: mighty
A: horns 2, retaliatory headbutt
a: no special abilities


You were on level 4 of the Dungeon.
You visited 1 branch of the dungeon, and saw 4 of its levels.

You collected 130 gold pieces.

Inventory:

Hand Weapons
 a - a +0 war axe
 l - a +0 great mace (weapon)
 u - a +0 longbow
Armour
 b - a +0 scale mail (worn)
 c - a +0 buckler
Scrolls
 e - a scroll of immolation {unknown}
 g - a scroll of teleportation {unknown}
 h - 2 scrolls of identify {unknown}
 j - a scroll of fog {unknown}
 n - a scroll of amnesia {unknown}
 s - a scroll of vulnerability {unknown}
Potions
 d - a potion of might
 f - a potion of attraction {unknown}
 i - a potion of heal wounds {unknown}
 k - a potion of degeneration {unknown}
 m - a potion of invisibility {unknown}
 o - a potion of brilliance {unknown}
 p - a potion of haste {unknown}
 q - a potion of lignification {unknown}
 r - a potion of curing {unknown}
 t - 2 potions of enlightenment {unknown}


   Skills:
 + Level 4.5 Fighting
 + Level 4.1(4.5) Axes
 + Level 2.6(3.8) Maces & Flails
 + Level 1.0 Ranged Weapons
 + Level 4.8 Armour
 + Level 0.6 Dodging
 + Level 4.2 Shields


You had 4 spell levels left.
You didn't know any spells.
Your spell library contained the following spells:

 Spells                   Type           Power      Damage    Failure   Level
 Magic Dart               Conj           0%         1d3       78%         1
 Blink                    Tloc           0%         N/A       89%         2
 Call Imp                 Summ           0%         N/A       89%         2
 Leda's Liquefaction      Alch/Erth      0%         N/A       100%        4
 Lee's Rapid Deconstruct  Erth           0%         3d4*      100%        5
 Permafrost Eruption      Ice/Erth       0%         2x4d2     100%        6


Dungeon Overview and Level Annotations

Branches:
Dungeon (4/15)
 Temple: D:4-7

Altars:

Shops:
D:1 =   D:2 !


Innate Abilities, Weirdness & Mutations

You have a pair of horns on your head.
You reflexively headbutt those who attack you in melee.


Message History

The gnoll sergeant is severely wounded.
The gnoll hits you with a +0 whip.
* * * LOW HITPOINT WARNING * * *
The gnoll sergeant barely misses you.
You bludgeon the gnoll sergeant!!
You kill the gnoll sergeant!
The kobold throws a stone.
The stone barely misses you. The gnoll hits you with a +0 whip.
* * * LOW HITPOINT WARNING * * *
The gnoll hits you with a +0 whip.
* * * LOW HITPOINT WARNING * * *
Your Ranged Weapons skill increases to level 1!
You barely miss the gnoll. Your headbutt misses the gnoll.
The gnoll is heavily wounded.
An adder comes into view.
The gnoll barely misses you.
You hit the gnoll.
The gnoll is almost dead.
The gnoll closely misses you. The kobold hits you but does no damage.
The kobold closely misses you. The gnoll closely misses you.
You barely miss the gnoll. Your headbutt misses the gnoll.
The gnoll is almost dead.
The gnoll hits you with a +0 whip.
* * * LOW HITPOINT WARNING * * *
The kobold hits you but does no damage. The adder barely misses you.
Unknown command.
You sock the gnoll!
You kill the gnoll!
The adder bites you but does no damage. The kobold hits you but does no damage.
The adder bites you but does no damage. The kobold hits you but does no damage.
The adder attacks as it pursues you! The adder bites you but does no damage.
The kobold barely misses you. You furiously retaliate!
You headbutt the kobold!
You kill the kobold!
Things that are here:
a +0 whip; a gnoll corpse The adder closely misses you.
You closely miss the adder. You headbutt the adder!
The adder is almost dead.
The adder bites you.
You die...

#$ #.
.##. ...
.. #.##
#..# #
#.#
#.###<#.#
#..@S)..#
#####)###
#.# #.#
$). ###


You could see an adder.

Vanquished Creatures
  A gnoll sergeant (D:4)
  Jessica (D:2)
  4 gnolls (D:4)
  3 adders
  2 dart slugs (D:1)
  2 ribbon worms
  4 bats
  7 endoplasms
  2 giant cockroaches
  7 goblins
  7 hobgoblins
  2 jackals (D:1)
  2 quokkas (D:1)
  8 ball pythons
  A frilled lizard (D:2)
  7 kobolds
  5 rats
65 creatures vanquished.

Notes
Turn   | Place    | Note
-------+----------+-------------------------------------------
     0 | D:1      | Fodor the Minotaur Fighter began the quest for the Orb.
     0 | D:1      | Reached XP level 1. HP: 19/19 MP: 0/0
    47 | D:1      | Reached XP level 2. HP: 27/27 MP: 1/1
    65 | D:1      | Found Naath's Jewellery Shop.
   182 | D:1      | Found a faded altar of an unknown god.
   336 | D:1      | Reached XP level 3. HP: 31/33 MP: 2/2
   693 | D:2      | Noticed Jessica
   707 | D:2      | Killed Jessica
   708 | D:2      | Reached XP level 4. HP: 31/40 MP: 3/3
   842 | D:2      | Found Ubrashoz's Distillery.
  1507 | D:3      | Reached skill level 1 in Maces & Flails
  2206 | D:4      | Noticed a gnoll sergeant
  2211 | D:4      | Reached XP level 5. HP: 42/46 MP: 4/4
  2219 | D:4      | HP: 2/46 [gnoll/+0 whip[a gnoll sergeant] (3)]
  2220 | D:4      | Reached skill level 1 in Ranged Weapons
  2226 | D:4      | Slain by an adder

Illustrated notes

Levels and vault maps discovered:
D:1:      roderic_chinese_lattice_arrival, layout_rooms,
          nicolae_ecumenical_lake_church, serial_shops, shop,
          minmay_pentomino_x4
D:2:      layout_basic, serial_shops, nicolae_shop_gibbet_a_chance, uniq_jessica
D:3:      layout_basic, hangedman_abyss_or_decor_lesser_grid
D:4:      layout_loops_cross, lemuel_round_altar,
          minmay_temple_entry_butterflies, kennysheep_orc_chapel

Skill      XL: |  1  2  3  4  5 |
---------------+----------------+-----
Armour         | 4 |  4.8
Shields        | 4 |  4.2
Fighting       | 4 |  4.5
Axes           | 3 4 |  4.1
Maces & Flails | 1 2 |  2.6
Ranged Weapons | 1 |  1.0
Dodging        | |  0.6

Action                     |  1- 3 |  4- 6 || total
---------------------------+-------+-------++-------
  Melee: War axe           |    58 |    17 ||    75
         Headbutt          |     7 |     5 ||    12
         Great mace        |       |    47 ||    47
   Fire: Longbow           |       |    13 ||    13
    Use: Potion            |       |     1 ||     1
 Armour: Scale mail        |    57 |    91 ||   148
  Dodge: Dodged            |    38 |    47 ||    85
  Block: Buckler           |    15 |     2 ||    17

Table legend: (Time is in decaauts)
 A = Elapsed time spent in this place.
 B = Non-inter-level travel time spent in this place.
 C = Inter-level travel time spent in this place.
 D = Time resting spent in this place.
 E = Time spent auto-exploring this place.
 F = Levels seen in this place.
 G = Mean time per level.
                   A        B        C        D        E       F      G
               +--------+--------+--------+--------+--------+-----+--------+
         Total |   2291 |   2195 |     96 |      0 |   1622 |   4 |  572.8 |
       Dungeon |   2291 |   2195 |     96 |      0 |   1622 |   4 |  572.8 |
               +--------+--------+--------+--------+--------+-----+--------+

Top non-repeatable levels by time:
     D:2: 794 daAuts
     D:3: 793 daAuts
     D:1: 675 daAuts
     D:4: 28 daAuts
